 Dungeon Crawl Stone Soup version 0.30.0-5-g1a98f26d00 (webtiles) character file.

Game seed: 8557586118298933731

217 GigaChad the Shield-Bearer (level 6, -10/48 HPs)
             Began as a Formicid Fighter on May 10, 2023.
             Mangled by Pikel
             ... wielding a +2 whip of flaming
              (12 damage)
             ... on level 4 of the Dungeon.
             The game lasted 00:01:50 (1120 turns).

GigaChad the Shield-Bearer (Formicid Fighter)       Turns: 1120, Time: 00:01:50

Health: -10/48     AC:  7    Str: 22    XL:     6   Next: 16%
Magic:  6/6        EV:  9    Int:  8    God:
Gold:   54         SH:  5    Dex: 13    Spells: 5/5 levels left

rFire   . . .        a - +0 war axe
rCold   . . .        c - +0 buckler
rNeg    . . .        b - +0 scale mail
rPois   .            (helmet unavailable)
rElec   .            (no cloak)
rCorr   .            (no gloves)
SInv    +            (no boots)
Will    .....        (no amulet) Stlth
                     (no ring)
HPRegen 0.28/turn    (no ring)
MPRegen 0.10/turn

%: no passive effects
@: lethally poisoned (-10 -> -11)
A: permanent stasis, dig shafts and tunnels, antennae 3, four strong arms
a: Dig, Shaft Self


You were on level 4 of the Dungeon.
You visited 1 branch of the dungeon, and saw 3 of its levels.

You collected 54 gold pieces.

Inventory:

Hand Weapons
 a - a +0 war axe (weapon)
Armour
 b - a +0 scale mail (worn)
 c - a +0 buckler (worn)
Scrolls
 e - 3 scrolls of identify {unknown}
 f - a scroll of fear {unknown}
 g - a scroll of blinking {unknown}
 h - a scroll of amnesia {unknown}
Potions
 d - a potion of might
 i - 2 potions of attraction {unknown}


   Skills:
 + Level 4.1 Fighting
 + Level 4.2 Axes
 + Level 4.1 Armour
 + Level 0.7 Dodging
 + Level 0.3 Stealth
 + Level 4.9 Shields


You had 5 spell levels left.
You didn't know any spells.
Your spell library was empty.

Dungeon Overview and Level Annotations

Branches:
Dungeon (2/15)

Altars:

Shops:
D:4 ==

Annotations:
D:4 Pikel


Innate Abilities, Weirdness & Mutations

You cannot be hasted, slowed, berserked, paralysed or teleported.
You can dig through walls and to a lower floor.
You have a pair of large antennae on your head. (SInv)
Your four strong arms can wield two-handed weapons with a shield.


Message History

Unknown command.
You are too injured to fight recklessly!
Unknown command.
You are too injured to fight recklessly!
Unknown command.
You are too injured to fight recklessly!
Unknown command.
You are too injured to fight recklessly!
Unknown command.
You feel sick. The scorpion closely misses you.
Unknown command.
You slash the scorpion!
You kill the scorpion!
You feel very sick.
Pikel says, "You'll feel the lick of my whip!"
Your Axes skill increases to level 4!
You have reached level 6!
You closely miss the lemure.
You feel sick.
Unknown command.
You miss Pikel. You hit the lemure.
You feel sick. You block the lemure's attack.
Pikel hits you with a +2 whip of flaming.
* * * LOW HITPOINT WARNING * * *
Pikel burns you.
* * * LOW HITPOINT WARNING * * *
Unknown command.
You hit Pikel.
Pikel is lightly wounded.
You closely miss the lemure.
You feel sick. The lemure hits you.
* * * LOW HITPOINT WARNING * * *
You block Pikel's attack. The lemure hits you but does no damage.
Pikel closely misses you.
Unknown command.
You barely miss Pikel.
Pikel is lightly wounded.
You hit the lemure.
* * * LOW HITPOINT WARNING * * *
You feel sick. The lemure hits you but does no damage.
Pikel hits you with a +2 whip of flaming!
You die...

###.....##
.........####### .....
...............# #.....
.........#####.........
........## ......
.......## ##..:.
........# #55{
......#.# #####K#
....#...####...5@#
....##.†......#### ...
#........# ...
#........# ..
#........# #........#
#........# #........#
#........#


You could see Pikel and 3 lemures.

Vanquished Creatures
  2 scorpions (D:4)
  An iguana (D:4)
  A gnoll (D:1)
  2 adders (D:4)
  2 dart slugs (D:1)
  2 endoplasms (D:1)
  A giant cockroach (D:1)
  5 goblins (D:1)
  5 hobgoblins (D:1)
  2 quokkas (D:1)
  3 ball pythons
  4 frilled lizards (D:1)
  A kobold (D:1)
  7 rats (D:1)
38 creatures vanquished.

Notes
Turn   | Place    | Note
-------+----------+-------------------------------------------
     0 | D:1      | GigaChad the Formicid Fighter began the quest for the Orb.
     0 | D:1      | Reached XP level 1. HP: 18/18 MP: 1/1
    83 | D:1      | Found a faded altar of an unknown god.
   149 | D:1      | Reached XP level 2. HP: 21/24 MP: 2/2
   400 | D:1      | Reached XP level 3. HP: 16/29 MP: 3/3
   970 | D:2      | You fall into a shaft and drop 2 floors!
   970 | D:4      | Found Rinoeh's Jewellery Boutique.
   981 | D:4      | Found Yboleow's Jewellery Boutique.
   988 | D:4      | Reached XP level 4. HP: 37/37 MP: 4/4
  1024 | D:4      | Noticed a scorpion
  1030 | D:4      | Killed a scorpion
  1031 | D:4      | Reached XP level 5. HP: 29/42 MP: 5/5
  1108 | D:4      | Noticed a lemure
  1108 | D:4      | Noticed a lemure
  1108 | D:4      | Noticed a lemure
  1109 | D:4      | Noticed Pikel
  1109 | D:4      | Noticed a lemure
  1117 | D:4      | Reached XP level 6. HP: 16/48 MP: 6/6
  1119 | D:4      | HP: 2/48 [lemure[Pikel] (6)]
  1120 | D:4      | Mangled by Pikel

Illustrated notes

Levels and vault maps discovered:
D:1:      dpeg_arrival_refuge, layout_basic, ebering_ecumenical_altar_webs,
          serial_bayou_crossing
D:2:      layout_loops_ring, st_stairs_14, minmay_heptomino_h4
D:4:      layout_rooms, serial_shops, nicolae_diamond_shop,
          nicolae_shop_gaudy_bauble, minmay_misc_feat_four_crosses, uniq_pikel,
          uniq_grinder, uniq_natasha

Skill      XL: |  1  2  3  4  5 |
---------------+----------------+-----
Axes           | 3 4 |  4.2
Fighting       | 4 |  4.1
Armour         | 4 |  4.1
Dodging        | |  0.7
Stealth        | |  0.3
Shields        | |  4.9

Action                     |  1- 3 |  4- 6 || total
---------------------------+-------+-------++-------
  Melee: War axe           |    93 |    21 ||   114
 Armour: Scale mail        |    37 |     9 ||    46
  Dodge: Dodged            |    41 |    12 ||    53
  Block: Buckler           |    23 |     7 ||    30
